 Dungeon Crawl Stone Soup version 0.31.0 (webtiles) character file.

Game seed: 10305256838167351247

441 qw the Shooter (level 7, -3/43 HPs)
             Began as a Gargoyle Hunter on Jan 19, 2024.
             Slain by an ogre
             ... wielding a +0 giant club
              (13 damage)
             ... on level 4 of the Dungeon.
             The game lasted 00:00:12 (2646 turns).

qw the Shooter (Gargoyle Hunter)                    Turns: 2646, Time: 00:00:12

Health: -3/43      AC: 11    Str: 15    XL:     7   Next: 2%
Magic:  7/7        EV: 11    Int:  9    God:
Gold:   192        SH:  0    Dex: 15    Spells: 6/6 levels left

rFire   . . .        a - +2 shortbow (heavy)
rCold   . . .        (shield currently unavailable)
rNeg    + . .        i - +0 ring mail
rPois   inf          (no helmet)
rElec   +            h - +0 cloak
rCorr   .            (no gloves)
SInv    .            (no boots)
Will    .....        (no amulet)
Stlth   +            (no ring)
HPRegen 0.27/turn    (no ring)
MPRegen 0.10/turn

%: no passive effects
@: about to teleport
A: sickness immunity, AC +4, negative energy resistance 1, electricity
resistance, torment resistance 1, petrification resistance, sense surroundings 1
a: no special abilities


You were on level 4 of the Dungeon.
You visited 1 branch of the dungeon, and saw 4 of its levels.

You collected 192 gold pieces.


Innate Abilities, Weirdness & Mutations

You are immune to sickness and miasma.
Your stone body is resilient. (AC +4)
You are immune to poison.
You resist negative energy. (rN+)
You are resistant to electric shocks. (rElec)
You are resistant to unholy torment.
You are immune to petrification.
You passively map a small area around you.


   Skills:
 - Level 4.1 Fighting
 + Level 7.3 Ranged Weapons
 - Level 1.0 Armour
 - Level 1.5 Dodging
 - Level 1.1 Stealth


You had 6 spell levels left.
You didn't know any spells.
Your spell library was empty.

Inventory:

Hand Weapons
 a - a +2 heavy shortbow (weapon)
Armour
 h - a +0 cloak (worn)
 i - a +0 ring mail (worn)
Scrolls
 b - a scroll of teleportation
 n - 2 scrolls of brand weapon
Potions
 d - a potion of curing
 e - a potion of might
 f - a potion of magic {unknown}
 g - 5 potions of mutation
 j - a potion of brilliance {unknown}
 k - a potion of haste {unknown}

Dungeon Overview and Level Annotations

Branches:
Dungeon (4/15)
 Temple: D:4-7

Altars:
Ashenzari

Annotations:
D:2 1 runed translucent door, Crazy Yiuf
D:4 Robin


Message History

The goblin hits you with a +0 dagger. The goblin misses you.
Robin roars a battlecry!
The goblin goes into a battle-frenzy!
The goblin hits you but does no damage.
Robin says, "A pitiful Gargoyle like you will never find the ORB!"
The goblin hits you but does no damage. x2; The ogre barely misses you.
You shoot an arrow. The arrow hits the ogre.
The ogre is lightly wounded.
The goblin misses you.
The goblin hits you but does no damage. x2
The dart slug bites you but does no damage.
The ogre hits you with a +0 giant club!
You shoot an arrow. The arrow hits the ogre!
The ogre is heavily wounded.
The goblin no longer looks unusually strong.
The goblin hits you with a +0 dagger. x2; The goblin closely misses you.
The dart slug briefly extends its eye-stalks.
The dart slug misses you. The ogre barely misses you.
The goblin barely misses you. The goblin misses you. x2
2644 ||| READING 2 scrolls of teleportation.
As you read the scroll of teleportation, it crumbles to dust.
You feel strangely unstable. The goblin hits you with a +0 dagger.
The goblin closely misses you. The goblin hits you but does no damage.
The dart slug bites you but does no damage.
The ogre misses you.
You shoot an arrow. The arrow completely misses the ogre.
The arrow closely misses the goblin.
The goblin hits you but does no damage. x2; The goblin barely misses you.
The dart slug launches a dart at you.
The slug dart hits you but does no damage.
The ogre closely misses you. The goblin misses you.
The goblin closely misses you. The goblin barely misses you.
You shoot an arrow. The arrow hits the ogre!
The ogre is almost dead.
The goblin barely misses you.
The goblin hits you but does no damage. x2
Robin roars a battlecry!
The goblin goes into a battle-frenzy!
The dart slug bites you but does no damage.
The ogre hits you with a +0 giant club!
You die...

#.....## #<# * , *
#......####.####### ,
* *
#...###.............#*
....###
#.##....#####[. #.###
#.##.#### * . * #.#..#
#<#.## * #.#g# * #.g@#
,, *##wOg.%..# *
*..gg.#####*, , , ,
...#.).# * ....##.#.#
* , , .... #. ). , ...
#. .. .. #. ... , ,, ,
< *


You could see an ogre, Robin, a dart slug and 4 goblins.

Vanquished Creatures
  Sigmund (D:2)
  Menkaure (D:4)
  A hound (D:3)
  6 adders
  2 ribbon worms
  3 dart slugs
  5 orcs
  4 bats
  9 endoplasms
  3 giant cockroaches
  6 goblins (D:4)
  2 hobgoblins (D:3)
  9 kobolds
  3 quokkas
  7 ball pythons
  5 frilled lizards
  3 rats
70 creatures vanquished.

Notes
Turn   | Place    | Note
-------+----------+-------------------------------------------
     0 | D:1      | qw the Gargoyle Hunter began the quest for the Orb.
     0 | D:1      | Reached XP level 1. HP: 12/12 MP: 1/1
     0 | D:1      | 0 ||| qw: Version: 0.3-a-132-g3d54051
     0 | D:1      | 0 ||| qw: Game counter: 86
     0 | D:1      | 0 ||| qw: Melee chars always use a shield: true
     0 | D:1      | 0 ||| qw: God list: Okawaru
     0 | D:1      | 0 ||| qw: Allow faded altars: false
     0 | D:1      | 0 ||| qw: Do Orc after clearing Dungeon:15 true
     0 | D:1      | 0 ||| qw: Do second Lair branch before Depths: true
     0 | D:1      | 0 ||| qw: Lair rune preference: random
     0 | D:1      | 0 ||| qw: Goals: Normal
     0 | D:1      | 0 ||| PLANNING D:1-11
   116 | D:1      | Reached XP level 2. HP: 17/17 MP: 2/2
   629 | D:1      | 629 ||| UPGRADING to +0 cloak.
   634 | D:1      | 634 ||| READING scroll labelled ERIRAJ VIL QUM.
   634 | D:1      | 634 ||| ENCHANTING +0 shortbow.
   635 | D:1      | 635 ||| READING scroll labelled VOQUKU KINYA.
   639 | D:1      | 639 ||| READING scroll labelled XYNOZY POETU.
   640 | D:1      | 640 ||| READING scroll labelled PUODUE DOFIU.
   641 | D:1      | 641 ||| DRINKING 2 dark potions.
   642 | D:1      | 642 ||| DRINKING 2 emerald potions.
   642 | D:1      | Gained mutation: You passively map a small area around you.
                  | [potion of mutation]
   643 | D:1      | 643 ||| DROPPING scroll of butterflies.
   729 | D:2      | 729 ||| FLEEEEING.
   744 | D:2      | Found a broken altar of Ashenzari.
   757 | D:2      | Reached skill level 5 in Ranged Weapons
   757 | D:2      | Reached XP level 3. HP: 17/21 MP: 3/3
   964 | D:2      | 964 ||| READING scroll labelled HUR XIRAFEX.
   965 | D:2      | 965 ||| READING scroll labelled NIARAGAEKK.
   965 | D:2      | 965 ||| BRANDING +1 shortbow.
   995 | D:2      | Reached skill level 3 in Fighting
   999 | D:2      | 999 ||| FLEEEEING.
  1055 | D:2      | Found a runed translucent door.
  1056 | D:2      | Noticed Crazy Yiuf
  1081 | D:2      | Noticed Sigmund
  1089 | D:2      | Killed Sigmund
  1090 | D:2      | Reached skill level 6 in Ranged Weapons
  1090 | D:2      | Reached XP level 4. HP: 17/28 MP: 4/4
  1090 | D:2      | Reached XP level 5. HP: 19/32 MP: 5/5
  1258 | D:2      | Found a faded altar of an unknown god.
  1683 | D:2      | 1683 ||| UPGRADING to +0 ring mail.
  1693 | D:2      | 1693 ||| DROPPING +0 leather armour.
  1694 | D:2      | 1694 ||| DRINKING 2 puce potions.
  1748 | D:3      | Reached skill level 1 in Armour
  1782 | D:3      | Reached XP level 6. HP: 37/37 MP: 6/6
  1785 | D:3      | 1785 ||| FLEEEEING.
  2067 | D:3      | 2067 ||| FLEEEEING.
  2149 | D:3      | 2149 ||| READING scroll of enchant weapon.
  2149 | D:3      | 2149 ||| ENCHANTING +1 heavy shortbow.
  2413 | D:3      | 2413 ||| READING scroll labelled FEVOYGI VOTIUF.
  2413 | D:3      | 2413 ||| IDENTIFYING pink potion
  2414 | D:3      | 2414 ||| READING scroll labelled MEGIRH XUISIECK.
  2415 | D:3      | 2415 ||| DROPPING potion of attraction.
  2444 | D:4      | 2444 ||| PLANNING SEWER
  2454 | D:4      | Noticed Menkaure
  2456 | D:4      | 2456 ||| FLEEEEING.
  2457 | D:4      | 2457 ||| FLEEEEING.
  2458 | D:4      | 2458 ||| FLEEEEING.
  2459 | D:4      | 2459 ||| STAIRDANCE
  2466 | D:3      | 2466 ||| STAIRDANCE
  2525 | D:2      | 2525 ||| READING scroll labelled OPPUABRE ERU.
  2574 | D:4      | 2574 ||| STAIRDANCE
  2585 | D:4      | Killed Menkaure
  2586 | D:4      | Reached skill level 7 in Ranged Weapons
  2587 | D:4      | Reached XP level 7. HP: 43/43 MP: 7/7
  2631 | D:4      | Noticed Robin
  2643 | D:4      | HP: 9/43 [goblin/+0 dagger[Robin] (3)]
  2644 | D:4      | 2644 ||| READING 2 scrolls of teleportation.
  2646 | D:4      | Slain by an ogre

Levels and vault maps discovered:
D:1:      matt_arrival_grand_opening, layout_loops_ring, minmay_tall_x
D:2:      layout_basic, basic_altar, hellmonk_ecumenical_altar_lost_god,
          serial_bayou_lake_a, uniq_crazy_yiuf_cottage, uniq_sigmund
D:3:      layout_loops_ring
D:4:      layout_rooms, led_sif_book, portal_sewer_entry_e, uniq_menkaure,
          uniq_robin

Skill      XL: |  1  2  3  4  5  6 |
---------------+-------------------+-----
Ranged Weapons | 5 6 7 |  7.3
Fighting       | 3 4 |  4.1
Armour         | 1 |  1.0
Dodging        | |  1.5
Stealth        | |  1.1

Action                     |  1- 3 |  4- 6 |  7- 9 || total
---------------------------+-------+-------+-------++-------
   Fire: Shortbow          |    88 |    77 |    19 ||   184
    Use: Scroll            |     6 |     4 |     1 ||    11
         Potion            |     2 |     1 |       ||     3
 Armour: Leather armour    |    19 |     2 |       ||    21
         Ring mail         |       |    17 |    37 ||    54
  Dodge: Dodged            |    22 |    16 |    37 ||    75

Table legend:
 A = Non-vault XP
 B = Vault XP
 C = Vault XP percentage of total XP
 D = Non-vault monster count
 E = Vault monster count
 F = Vault count percentage of total count
                 A         B        C        D         E       F
            +---------+---------+-------+---------+---------+-------
      Total |     227 |     404 |  64.0 |      58 |      12 |  17.1
            +---------+---------+-------+---------+---------+-------
        D:1 |      22 |       4 |  15.4 |      12 |       4 |  25.0
        D:2 |      72 |     214 |  74.8 |      20 |       1 |   4.8
        D:3 |     125 |       0 |   0.0 |      22 |       0 |   0.0
        D:4 |       8 |     186 |  95.9 |       4 |       7 |  63.6
            +---------+---------+-------+---------+---------+-------
